 Dungeon Crawl Stone Soup version 0.21.1-1-g345015f (webtiles) character file.

50 inc the Ducker (level 3, -2/15 HPs)
             Began as a Felid Transmuter on Mar 5, 2018.
             Slain by an ice beast (14 damage)
             ... on level 2 of the Dungeon.
             The game lasted 00:02:32 (1545 turns).

inc the Ducker (Felid Transmuter)                   Turns: 1545, Time: 00:02:32

Health: -2/15      AC:  1    Str:  6    XL:     3   Next: 55%
Magic:  6/7        EV: 21    Int: 15    God:
Gold:   61         SH:  0    Dex: 16    Spells: 5/6 levels left
                                        Lives:  0   Deaths: 0

rFire    . . .     SeeInvis +     - Unarmed
rCold    . . .     Gourm    .   (shield unavailable)
rNeg     . . .     Faith    .   (armour unavailable)
rPois    .         Spirit   .   (helmet unavailable)
rElec    .         Reflect  .   (cloak unavailable)
rCorr    .         Harm     .   (gloves unavailable)
MR       .....                  (boots unavailable)
Stlth    ++........             (no amulet)
HPRegen  0.05/turn              (no ring)
MPRegen  0.10/turn              (no ring)

@: appendage (expiring), quick
A: very small, no armour, no weapons or thrown items, stealth, claws 1, fangs 3,
horns 2, see invisible, carnivore, speed 1, shaggy fur 1, slow metabolism 1,
sharp paws
a: End Transformation


You were on level 2 of the Dungeon.
You were not hungry.
You had grown temporary horns.
You visited 1 branch of the dungeon, and saw 2 of its levels.

You collected 61 gold pieces.

Inventory:

Missiles
 a - 54 arrows
Scrolls
 d - a scroll of fear {unknown}
 f - 2 scrolls of teleportation {unknown}
 g - 2 scrolls of remove curse {unknown}
 h - 5 scrolls of identify {unknown}
 j - 2 scrolls of fog {unknown}
 k - a scroll of enchant weapon {unknown}
 m - 2 scrolls of enchant armour {unknown}
Potions
 e - a potion of flight
 i - 3 potions of heal wounds
 l - 2 potions of curing {unknown}
Books
 b - a book of Changes

   Spells                             Type                      Level
   a - Beastly Appendage              Transmutation                1
   b - Sticks to Snakes               Transmutation                2
   c - Spider Form                    Transmutation/Poison         3
   d - Ice Form                       Ice/Transmutation            4
   e - Blade Hands                    Transmutation                5
Comestibles
 c - 3 rations


   Skills:
 - Level 1.0 Fighting
 + Level 5.3 Dodging
 - Level 3.0 Unarmed Combat
 - Level 2.0 Spellcasting
 - Level 2.1 Transmutations


You had 5 spell levels left.
You knew the following spells:

 Your Spells              Type           Power        Failure   Level  Hunger
a - Beastly Appendage     Tmut           #.....       9%          1    #......


Dungeon Overview and Level Annotations

Branches:
Dungeon (2/15)

Altars:

Annotations:
D:2 Sigmund


Innate Abilities, Weirdness & Mutations

You cannot wear armour.
You are incapable of wielding weapons or throwing items.
Your paws allow you to move quietly. (Stealth)
You have sharp claws.
You have razor-sharp teeth.
You have supernaturally acute eyesight. (SInv)
You are carnivorous and can eat meat at any time.
You cover ground quickly.
You are covered in fur. (AC +1)
You have a slow metabolism.
Your sharp claws are effective at attacking unaware monsters.
You have a pair of horns on your head.


Message History

Found 2 throwing nets.
i - 3 potions of heal wounds (gained 2)
You see here a robe.
You now have 61 gold pieces (gained 6).
A worm comes into view.
An ice beast comes into view.
Found a glowing robe.
You see here 2 throwing nets.
j - 2 scrolls labeled ZUBOCHESMI (gained 1)
Casting: Beastly Appendage
Confirm with . or Enter, or press ? or * to list all spells.
You grow a pair of large bovine horns.
You scratch the ice beast but do no damage.
The ice beast closely misses you.
You closely miss the ice beast. The ice beast barely misses you.
You scratch the ice beast but do no damage.
Your transformation is almost over.
The ice beast hits you. The ice beast freezes you!
Ouch! That really hurt!
You die...

#.....#<#.#..... #.#.#.#.##
....#.#.#....... #.[#.#.#.#...
.####.#.#......# #..#.#.#.#.#.
.####.#.#....... #Y.#.#.#.....
......#.....>... #..#.#.######
######....##### ####..#.#.......
.....'....# w?....#....[...#
######....###########..........)#
#....#.....@Y.(............#
#....#.###################.#
#....# .. #...)# ## ##'#.# ..
#.#.# ..#.# #.#.# ..#. #.#.#
....# #.### ....


You could see an ice beast.

Vanquished Creatures
  2 adders (D:2)
  A dart slug (D:2)
  A leopard gecko (D:1)
  2 ball pythons (D:1)
  2 giant cockroaches (D:1)
  5 hobgoblins
  3 jackals (D:1)
  4 bats
  3 frilled lizards
  A goblin (D:1)
  2 kobolds (D:1)
  4 rats (D:1)
30 creatures vanquished.

Notes
Turn   | Place    | Note
-------+----------+-------------------------------------------
     0 | D:1      | inc the Felid Transmuter began the quest for the Orb.
     0 | D:1      | Reached XP level 1. HP: 9/9 MP: 4/4
    26 | D:1      | Reached skill level 3 in Dodging
   230 | D:1      | Reached XP level 2. HP: 11/12 MP: 4/6
   255 | D:1      | Reached skill level 4 in Dodging
  1101 | D:2      | Reached skill level 5 in Dodging
  1101 | D:2      | Reached XP level 3. HP: 13/15 MP: 7/7
  1331 | D:2      | Noticed Sigmund
  1531 | D:2      | Noticed an ice beast
  1545 | D:2      | Slain by an ice beast

Skill      XL: |  1  2 |
---------------+-------+-----
Dodging        | 3 5 |  5.3
Fighting       | |  1.0
Unarmed Combat | |  3.0
Spellcasting   | |  2.0
Transmutations | |  2.1

Action                   || total
-------------------------++-------
Melee: Unarmed           ||    89
       Bite              ||     5
       Headbutt          ||     3
 Cast: Beastly Appendage ||     9
  Use: Potion            ||     2
 Stab: Sleeping          ||     5
  Eat: Chunk             ||     4
Armor: Skin              ||     6
Dodge: Dodged            ||    73
